 Seeded DCSS version 0.28-a0-1555-g9ae15a6949 (webtiles) character file.

Game seed: 90 (custom seed)

71 knot the Chopper (level 4, 22/36 HPs)
             Began as a Demonspawn Berserker on Jan 19, 2022.
             Was a Follower of Trog.
             Quit the game on level 3 of the Dungeon.
             The game lasted 00:01:38 (1504 turns).

knot the Chopper (Demonspawn Berserker)             Turns: 1504, Time: 00:01:39

Health: 22/36      AC: 10    Str: 23    XL:     4   Next: 5%
Magic:  4/4        EV: 10    Int: 11    God:    Trog [*.....]
Gold:   18         SH:  0    Dex: 12    Spells: 3/3 levels left

rFire   . . .      SeeInvis .   a - +0 hand axe
rCold   . . .      Faith    .   (no shield)
rNeg    . . .      Spirit   .   i - +3 scale mail of the Skies Above {Will+ Str+6}
rPois   .          Reflect  .   (helmet restricted)
rElec   .          Harm     .   (no cloak)
rCorr   .          Rampage  .   (no gloves)
Will    +....                   (no boots)
Stlth   ..........              f - amulet of regeneration
HPRegen 0.92/turn               (no ring)
MPRegen 0.09/turn               (no ring)

@: no status effects
A: horns 2, rugged brown scales 1
a: Renounce Religion, Berserk


You were on level 3 of the Dungeon.
You worshipped Trog.
Trog was aware of your devotion.
You visited 1 branch of the dungeon, and saw 3 of its levels.

You collected 18 gold pieces.

Inventory:

Hand Weapons
 a - a +0 hand axe (weapon)
Missiles
 e - 32 stones (quivered)
 h - 26 sling bullets
Armour
 i - the +3 scale mail of the Skies Above (worn) {Will+ Str+6}
   (You found it on level 2 of the Dungeon)

   Str:       It affects your strength (+6).
   Will:      It increases your willpower.
Jewellery
 f - an amulet of regeneration (around neck)
Scrolls
 g - 3 scrolls of identify
Potions
 b - a potion of heal wounds {unknown}
 d - a potion of haste


   Skills:
 - Level 3.0 Fighting
 + Level 4.5 Axes
 - Level 1.7 Armour
 - Level 1.7 Dodging


You had 3 spell levels left.
You didn't know any spells.
Your spell library was empty.

Dungeon Overview and Level Annotations

Branches:
Dungeon (3/15)

Altars:


Innate Abilities, Weirdness & Mutations

You have a pair of horns on your head.
You are partially covered in rugged brown scales. (AC +1, +3% HP)


Message History

You hit the quokka. You closely miss the bat. You barely miss the goblin.
You hear the slow rusting of a drain.
The bat hits you but does no damage. The quokka bites you.
The jackal misses you. The goblin barely misses you. The quokka bites you.
The bat barely misses you.
You miss the goblin. You hit the jackal.
You kill the jackal!
Trog accepts your kill.
You hit the quokka. You closely miss the bat.
The bat hits you but does no damage. The bat barely misses you.
The quokka barely misses you. The goblin hits you with a +0 club.
You have reached level 4!
You feel clever.
Your demonic ancestry asserts itself...
Rugged brown scales grow over part of your body.
You closely miss the goblin. You hit the jackal but do no damage.
You hit the quokka.
You kill the quokka!
Trog accepts your kill.
You barely miss the bat. The bat hits you but does no damage.
The jackal bites you but does no damage.
The goblin hits you but does no damage. The jackal bites you.
You hit the goblin.
The goblin is heavily wounded.
You miss the bat. You hit the jackal but do no damage.
The bat hits you but does no damage. The jackal closely misses you.
The goblin hits you with a +0 club.
You closely miss the goblin.
The goblin is heavily wounded.
You hit the rat but do no damage. You hit the jackal.
The jackal barely misses you. The bat closely misses you.
The rat barely misses you. The goblin hits you but does no damage.
The jackal bites you but does no damage.
You hit the goblin but do no damage.
The goblin is heavily wounded.
You closely miss the rat. You hit the jackal.
You kill the jackal!
Trog accepts your kill. The bat hits you but does no damage.
The rat bites you but does no damage. The goblin hits you but does no damage.
The rat bites you but does no damage.
Are you sure you want to abandon this character and quit the game? (Confirm with "yes".)

.##*<...#...##*******,,*
...,,,....#..#*≈≈≈≈≈≈,,*
#***,,...#..#*≈,,∩,≈≈,**
########....#,,≈≈≈≈≈≈**
.s.g.r..g...#,,*********
#########...#≈,≈≈≈≈≈≈≈≈**
#...##≈≈≈,≈≈,≈,≈*
#....#########≈.*
##...sgr@g......*
##...b†#†>...##*
#############


You could see a scorpion, a hobgoblin, a goblin, a bat and a rat.

Vanquished Creatures
  A hound (D:3)
  An adder (D:3)
  2 ball pythons (D:1)
  5 endoplasms
  A giant cockroach (D:1)
  2 goblins (D:1)
  A hobgoblin (D:1)
  6 jackals
  3 kobolds
  2 quokkas
  A bat (D:1)
  2 frilled lizards (D:1)
  2 rats
29 creatures vanquished.

Vanquished Creatures (others)
  5 plants (D:1)
5 creatures vanquished.

Grand Total: 34 creatures vanquished

Notes
Turn   | Place    | Note
-------+----------+-------------------------------------------
     0 | D:1      | knot the Demonspawn Berserker began the quest for the Orb.
     0 | D:1      | Reached XP level 1. HP: 18/18 MP: 1/1
   190 | D:1      | Reached skill level 3 in Axes
   483 | D:1      | Gained mutation: You have a pair of small horns on your
                  | head. [demonic ancestry]
   483 | D:1      | Reached XP level 2. HP: 24/24 MP: 2/2
  1288 | D:2      | Identified the +3 scale mail of the Skies Above {Will+
                  | Str+6}
  1450 | D:2      | You fall into a shaft and drop 1 floor!
  1459 | D:3      | Gained mutation: You have a pair of horns on your head.
                  | [demonic ancestry]
  1459 | D:3      | Reached XP level 3. HP: 29/29 MP: 3/3
  1463 | D:3      | Reached skill level 4 in Axes
  1469 | D:3      | Noticed a scorpion
  1500 | D:3      | Gained mutation: You are partially covered in rugged brown
                  | scales. (AC +1, +3% HP) [demonic ancestry]
  1500 | D:3      | Reached XP level 4. HP: 22/36 MP: 4/4
  1504 | D:3      | Quit the game

Illustrated notes

Levels and vault maps discovered:
D:1:      nzn_arrival_depleted_hourglass, layout_basic, serial_bayou_lagoon_b
D:2:      kennysheep_six_static_rooms, layout_basic, minmay_lizard_pond
D:3:      layout_rooms, gup_sewer_entry_pipe

Skill      XL: |  1  2  3 |
---------------+----------+-----
Axes           | 3 4 |  4.5
Fighting       | |  3.0
Armour         | |  1.7
Dodging        | |  1.7

Action                   |  1- 3 |  4- 6 || total
-------------------------+-------+-------++-------
Melee: Hand axe          |    67 |     4 ||    71
       Headbutt          |    12 |       ||    12
Invok: Berserk           |     1 |       ||     1
  Use: Scroll            |     2 |       ||     2
 Stab: Sleeping          |     1 |       ||     1
Armor: Animal skin       |     9 |       ||     9
       Scale mail        |    29 |    10 ||    39
Dodge: Dodged            |    72 |     4 ||    76

Table legend: (Time is in decaauts)
 A = Elapsed time spent in this place.
 B = Non-inter-level travel time spent in this place.
 C = Inter-level travel time spent in this place.
 D = Time resting spent in this place.
 E = Time spent auto-exploring this place.
 F = Levels seen in this place.
 G = Mean time per level.
                   A        B        C        D        E       F      G
               +--------+--------+--------+--------+--------+-----+--------+
         Total |   1537 |   1505 |     32 |    252 |   1051 |   3 |  512.3 |
       Dungeon |   1537 |   1505 |     32 |    252 |   1051 |   3 |  512.3 |
               +--------+--------+--------+--------+--------+-----+--------+

Top non-repeatable levels by time:
     D:1: 1200 daAuts
     D:2: 280 daAuts
     D:3: 55 daAuts
